 Dungeon Crawl Stone Soup version 0.22.0 (webtiles) character file.

18 letownia2 the Insei (level 2, -1/21 HPs)
             Began as a Demonspawn Transmuter on Aug 11, 2018.
             Slain by Sigmund
             ... wielding a +4 scythe of freezing
              (3 damage)
             ... on level 2 of the Dungeon.
             The game lasted 00:02:00 (344 turns).

letownia2 the Insei (Demonspawn Transmuter)          Turns: 344, Time: 00:02:01

Health: -1/21      AC:  3    Str: 10    XL:     2   Next: 48%
Magic:  5/5        EV: 11    Int: 14    God:
Gold:   26         SH:  0    Dex: 13    Spells: 2/5 levels left

rFire    . . .     SeeInvis .     - Unarmed
rCold    . . .     Gourm    .   (no shield)
rNeg     . . .     Faith    .   e - +0 leather armour
rPois    .         Spirit   .   (no helmet)
rElec    .         Reflect  .   (no cloak)
rCorr    .         Harm     .   (no gloves)
MR       .....                  (no boots)
Stlth    +.........             (no amulet)
HPRegen  0.07/turn              j - ring of wizardry
MPRegen  0.09/turn              (no ring)

@: no status effects
A: demonic guardian 1
a: no special abilities


You were on level 2 of the Dungeon.
You were not hungry.

You visited 1 branch of the dungeon, and saw 2 of its levels.

You collected 26 gold pieces.

Inventory:

Hand Weapons
 k - a +2 short sword of protection
Missiles
 a - 11 arrows
 l - 2 tomahawks (quivered)
Armour
 b - a +0 robe
 e - a +0 leather armour (worn)
 m - a +0 ring mail
Jewellery
 j - a ring of wizardry (left hand)
Scrolls
 g - a scroll of blinking {unknown}
 h - a scroll of identify {unknown}
Potions
 c - a potion of degeneration {unknown}
 f - a potion of mutation {unknown}
 i - a potion of heal wounds {unknown}
Comestibles
 d - 3 rations


   Skills:
 - Level 1.0 Fighting
 - Level 1.7 Dodging
 + Level 3.5 Unarmed Combat
 - Level 2.0 Spellcasting
 - Level 1.7 Transmutations


You had 2 spell levels left.
You knew the following spells:

 Your Spells              Type           Power        Failure   Level  Hunger
a - Beastly Appendage     Tmut           #.....       6%          1    ##.....
l - Sticks to Snakes      Tmut           #.......     10%         2    ###....

Your spell library contained the following spells:

 Spells                   Type           Power        Failure   Level  Hunger
 Spider Form              Tmut/Pois      #.........   26%         3    ####...
 Blade Hands              Tmut           #.........   83%         5    ######.
 Ice Form                 Ice/Tmut       #.......     63%         4    #####..


Dungeon Overview and Level Annotations

Branches:
Dungeon (2/15)

Altars:

Annotations:
D:2 Sigmund


Innate Abilities, Weirdness & Mutations

A weak demonic guardian rushes to your aid.


Message History

Sigmund hits your quasit with a scythe of freezing!
Sigmund freezes your quasit.
Your quasit bites Sigmund.
Your quasit barely misses Sigmund.
Your quasit completely misses Sigmund.
Your quasit bites Sigmund.
Your quasit closely misses Sigmund.
Your quasit claws Sigmund but does no damage.
Sigmund completely misses your quasit.
Your quasit bites Sigmund but does no damage.
Your quasit claws Sigmund.
Your quasit barely misses Sigmund.
Your quasit closely misses Sigmund.
Your quasit claws Sigmund.
Your quasit claws Sigmund but does no damage.
Sigmund casts a spell at you. The puff of flame misses your quasit.
The puff of flame hits you!
The leopard gecko hisses menacingly.
Your quasit bites Sigmund but does no damage.
Your quasit claws Sigmund but does no damage. x2
Your quasit disappears in a puff of smoke!
Sigmund hits you from afar with a scythe of freezing!
* * * LOW HITPOINT WARNING * * *
Sigmund freezes you.
You die...

#.##.......#
#.##.###.###
#.##.# #.#
#.# #.# #.#
#.# #. #.#
#.#####
#.l@5.#
#####@# #5#
###


You could see Sigmund, a leopard gecko, a friendly iron imp and a friendly white
imp.

Vanquished Creatures
  An ooze (D:1)
  A giant cockroach (D:1)
  5 goblins (D:1)
  A hobgoblin (D:1)
  A bat (D:1)
  2 frilled lizards (D:1)
  A kobold (D:1)
  2 rats (D:1)
14 creatures vanquished.

Vanquished Creatures (others)
  3 minotaurs (D:1)
  An octopode (D:1)
  An elf (D:1)
  3 trolls (D:1)
  2 formicids (D:1)
  A spriggan (D:1)
  A vampire (D:1)
  A naga (D:1)
  A dwarf (D:1)
  A mummy (D:1)
  14 tentacles (D:1)
29 creatures vanquished.

Grand Total: 43 creatures vanquished

Notes
Turn   | Place    | Note
-------+----------+-------------------------------------------
     0 | D:1      | letownia2 the Demonspawn Transmuter began the quest for the Orb.
     0 | D:1      | Reached XP level 1. HP: 15/15 MP: 3/3
     2 | D:1      | Noticed a minotaur
     2 | D:1      | Noticed an octopode
     2 | D:1      | Noticed an elf
     2 | D:1      | Noticed a troll
     2 | D:1      | Noticed a naga
     2 | D:1      | Noticed a minotaur
     2 | D:1      | Noticed a minotaur
     2 | D:1      | Noticed a spriggan
     2 | D:1      | Noticed a kraken
     2 | D:1      | Noticed a vampire
     2 | D:1      | Noticed a formicid
     2 | D:1      | Noticed a formicid
     2 | D:1      | Noticed a troll
     2 | D:1      | Noticed a troll
     2 | D:1      | Noticed a dwarf
    10 | D:1      | Killed an octopode
    10 | D:1      | Killed an elf
    11 | D:1      | Killed a spriggan
    11 | D:1      | Killed a formicid
    14 | D:1      | Killed a dwarf
    15 | D:1      | Killed a minotaur
    15 | D:1      | Killed a troll
    15 | D:1      | Killed a troll
    16 | D:1      | Killed a troll
    16 | D:1      | Killed a vampire
    17 | D:1      | Killed a naga
    17 | D:1      | Killed a minotaur
    28 | D:1      | Killed a formicid
    34 | D:1      | Killed a minotaur
    79 | D:1      | Reached skill level 3 in Unarmed Combat
   181 | D:1      | Gained mutation: A weak demonic guardian rushes to your aid. [demonic ancestry]
   181 | D:1      | Reached XP level 2. HP: 18/21 MP: 3/5
   235 | D:1      | Learned a level 2 spell: Sticks to Snakes
   311 | D:2      | Noticed Sigmund
   344 | D:2      | Slain by Sigmund

Skill      XL: |  1 |
---------------+----+-----
Unarmed Combat | 3 |  3.5
Fighting       | |  1.0
Dodging        | |  1.7
Spellcasting   | |  2.0
Transmutations | |  1.7

Action                   || total
-------------------------++-------
Melee: Unarmed           ||    33
       Headbutt          ||     2
       Kick              ||     1
 Cast: Beastly Appendage ||     8
       Sticks to Snakes  ||     1
Armor: Leather armour    ||     8
Dodge: Dodged            ||    18
